 Dungeon Crawl Stone Soup version 0.28.0-62-gf88900778d (webtiles) character file.

Game seed: 15528377485500970432

33636 cbfl8 the Severer (level 13, -1/116 HPs)
             Began as a Minotaur Berserker on June 28, 2023.
             Was a High Priest of Trog.
             Succumbed to poison (poison gas)
             ... on level 2 of the Abyss.
             The game lasted 00:22:29 (17467 turns).

cbfl8 the Severer (Minotaur Berserker)             Turns: 17467, Time: 00:22:29

Health: -1/116     AC: 29    Str: 23    XL:     13   Next: 37%
Magic:  12/12      EV:  9    Int:  4    God:    Trog [*****.]
Gold:   794        SH: 15    Dex: 16    Spells: 12/12 levels left

rFire   + . .      SeeInvis .   j - +2 broad axe (venom)
rCold   . . .      Faith    +   K - +3 kite shield
rNeg    . . .      Spirit   .   i - +10 chain mail of Qohuegri {+Inv rCorr Dex+2}
rPois   .          Reflect  .   (helmet restricted)
rElec   .          Harm     .   (no cloak)
rCorr   +          Rampage  .   q - +0 pair of gloves
Will    .....                   C - +0 pair of boots
Stlth   ..........              J - amulet of faith
HPRegen 0.29/turn               d - +4 ring of protection
MPRegen 0.13/turn               b - ring of protection from fire

@: lethally poisoned (-1 -> -105), on berserk cooldown, slowed, very slow
A: horns 2, retaliatory headbutt
a: Renounce Religion, Evoke Invisibility, Berserk, Trog's Hand, Brothers in Arms


You were on level 2 of the Abyss.
You worshipped Trog.
Trog was extremely pleased with you.
You visited 1 branch of the dungeon, and saw 14 of its levels.
You visited the Abyss 2 times.
You also visited: Bailey.

You collected 1523 gold pieces.
You spent 729 gold pieces at shops.

Inventory:

Hand Weapons
 j - a +2 broad axe of venom (weapon)
Missiles
 H - 2 throwing nets
Armour
 i - the +10 chain mail of Qohuegri (worn) {+Inv rCorr Dex+2}
   (You found it on level 13 of the Dungeon)

   Dex:       It affects your dexterity (+2).
   +Inv:      It lets you turn invisible.
   rCorr:     It protects you from acid and corrosion.
 q - a +0 pair of gloves (worn)
 C - a +0 pair of boots (worn)
 K - a +3 kite shield (worn)
Jewellery
 b - a ring of protection from fire (right hand)
 d - a +4 ring of protection (left hand)
 l - a ring of poison resistance
 J - an amulet of faith (around neck)
Wands
 c - a wand of paralysis (3)
 e - a wand of iceblast (16)
 m - a wand of acid (6)
 n - a wand of digging (5)
 u - a wand of polymorph (7)
 w - a wand of flame (28)
 B - a wand of mindburst (10) (quivered)
Scrolls
 a - a scroll of blinking
 f - a scroll of fog {unknown}
 k - a scroll of teleportation
 p - 2 scrolls of silence
 r - a scroll of immolation
 v - a scroll of summoning
Potions
 g - 3 potions of haste
 h - 3 potions of invisibility {unknown}
 o - 2 potions of brilliance {unknown}
 s - 3 potions of curing
 t - a potion of heal wounds
 x - 2 potions of mutation {unknown}
 z - a potion of attraction {unknown}
 A - a potion of degeneration {unknown}
 E - a potion of berserk rage {unknown}
 F - a potion of might {unknown}
 G - 2 potions of ambrosia {unknown}
 I - 2 potions of lignification {unknown}


   Skills:
 + Level 11.5 Fighting
 + Level 15.6 Axes
 + Level 11.4 Armour
 + Level 4.5 Dodging
 + Level 1.0 Stealth
 * Level 11.6 Shields
 * Level 9.1 Evocations


You had 12 spell levels left.
You didn't know any spells.
Your spell library was empty.

Dungeon Overview and Level Annotations

Branches:
Dungeon (14/15)            Temple (0/1) D:6            Lair (0/6) D:9
    Orc (0/2) D:10         Bailey (visited)
 Vaults: D:13-14

Altars:
Ashenzari
Dithmenos
Fedhas
Gozag
Hepliaklqana
Kikubaaqudgha
Qazlal
Ru
Trog
Wu Jian
Yredelemnul
Zin

Shops:
D:7 *   D:9 [


Innate Abilities, Weirdness & Mutations

You have a pair of horns on your head.
You reflexively headbutt those who attack you in melee.


Message History

The green draconian is moderately wounded.
You are engulfed in poison gas.
You are more poisoned.
You feel extremely sick.
The green draconian hits you but does no damage.
The green draconian tail-slaps you but does no damage.
You closely miss the green draconian.
The green draconian is moderately wounded.
You are engulfed in poison gas.
You are more poisoned.
You feel extremely sick. You block the green draconian's attack.
The green draconian tail-slaps you.
You are lethally poisoned!
The green draconian poisons you!
You slice the green draconian!!
The green draconian is severely wounded.
You are engulfed in poison gas.
You are more poisoned.
You feel extremely sick.
You hear an angry hiss.
You hear a roar!
Unknown command.
You slice the green draconian!!
The green draconian is almost dead.
You are engulfed in poison gas.
You are more poisoned.
* * * LOW HITPOINT WARNING * * *
You feel extremely sick.
The green draconian breathes poison at you.
The blast of poison engulfs you but does no damage.
You are more poisoned.
You slice the green draconian!!
You kill the green draconian!
That felt strangely unrewarding.
You are engulfed in poison gas.
You are more poisoned.
* * * LOW HITPOINT WARNING * * *
x2 You feel extremely sick.
You are no longer berserk.
You are exhausted.
You feel yourself slow down.
You die...

≈ ..## .#.#..
#.# # ≈≈ #.##.
#. .#. # #
#...####.###.##
# #.#......#.##
##§...### ##
##§.###.#.# #
≈≈ #§# # #§#§#
..# # #☼####
☼## #.#..#
..#@○#§☼## # .
#☼##○##.# .##
## ### ## ##


There were no monsters in sight!

Vanquished Creatures
  A green draconian (Abyss:2)
  Nessos (D:13)
  An ettin (D:11)
  Fannar (D:10)
  2 hydras
  4 centaur warriors
  A death knight (D:14)
  A two-headed ogre (D:12)
  9 skeletal warriors
  A wizard (D:14)
  An orc knight (Bailey)
  A deep elf pyromancer (D:14)
  2 manticores (D:11)
  3 cyclopes
  Joseph (D:10)
  2 gargoyles
  2 kobold demonologists (Bailey)
  3 unseen horrors (D:12)
  2 freezing wraiths (D:14)
  2 tengu conjurers (D:14)
  A troll (D:12)
  A hornet (D:14)
  3 meliai (D:14)
  4 slime creatures (D:14)
  2 vampires
  7 yaks (D:10)
  2 wyverns
  4 wraiths
  16 humans (D:14)
  2 basilisks
  3 steam dragons
  2 acid dragons
  A water moccasin (D:6)
  A small abomination (Abyss:2)
  12 orc warriors
  A sky beast (D:6)
  A necrophage (D:5)
  3 ogres
  13 centaurs
  A kobold brigand (D:6)
  A phantom (D:5)
  3 bullfrogs
  3 gnoll sergeants
  2 scorpions (D:5)
  A wyvern skeleton (D:6)
  A water moccasin skeleton (D:6)
  5 electric eels (Bailey)
  A howler monkey (D:10)
  7 centaur zombies
  6 hounds
  2 jellies
  A bullfrog skeleton (D:6)
  4 centaur skeletons
  5 orc priests
  A gnoll shaman (D:8)
  7 iguanas
  14 orc wizards
  5 adders
  26 gnolls
  An adder skeleton (D:4)
  33 orcs
  6 endoplasms
  A giant cockroach (D:3)
  6 hobgoblins
  6 kobolds
  2 quokkas
  4 ball pythons
  7 bats
  5 frilled lizards
  15 goblins
  5 rats
307 creatures vanquished.

Vanquished Creatures (collateral kills)
  5 skeletal warriors (D:14)
5 creatures vanquished.

Vanquished Creatures (others)
  An ufetubus (Abyss:2)
  An orc (D:8)
2 creatures vanquished.

Grand Total: 314 creatures vanquished

Notes
Turn   | Place    | Note
-------+----------+-------------------------------------------
     0 | D:1      | cbfl8 the Minotaur Berserker began the quest for the Orb.
     0 | D:1      | Reached XP level 1. HP: 19/19 MP: 0/0
   362 | D:1      | Reached XP level 2. HP: 27/27 MP: 1/1
   494 | D:1      | Reached skill level 4 in Axes
  1061 | D:2      | Reached skill level 1 in Evocations
  1061 | D:2      | Reached XP level 3. HP: 18/33 MP: 2/2
  1784 | D:3      | Reached ** piety under Trog
  1807 | D:3      | Found a faded altar of an unknown god.
  1840 | D:3      | Found a blossoming altar of Fedhas.
  2124 | D:4      | Reached XP level 4. HP: 33/41 MP: 3/3
  2376 | D:4      | Found an opulent altar of Gozag.
  2376 | D:4      | Found a glowing silver altar of Zin.
  2515 | D:4      | Noticed an ogre
  2521 | D:4      | Killed an ogre
  2522 | D:4      | Reached skill level 5 in Axes
  2522 | D:4      | Reached XP level 5. HP: 47/47 MP: 4/4
  2612 | D:4      | Noticed an ogre
  2617 | D:4      | Killed an ogre
  2618 | D:4      | Reached skill level 6 in Axes
  2618 | D:4      | Reached XP level 6. HP: 53/53 MP: 5/5
  2896 | D:5      | Entered Level 5 of the Dungeon
  3169 | D:5      | Reached skill level 5 in Fighting
  3169 | D:5      | Reached XP level 7. HP: 54/61 MP: 6/6
  3179 | D:5      | Reached skill level 7 in Axes
  3202 | D:5      | Reached skill level 1 in Shields
  3205 | D:5      | Reached skill level 5 in Armour
  4052 | D:6      | Found a staircase to the Ecumenical Temple.
  4135 | D:6      | Reached skill level 8 in Axes
  4135 | D:6      | Reached XP level 8. HP: 65/69 MP: 7/7
  4321 | D:6      | Reached *** piety under Trog
  4601 | D:6      | Found a sacrificial altar of Ru.
  4860 | D:6      | Reached skill level 9 in Axes
  5278 | D:7      | Found a bloodstained altar of Trog.
  5356 | D:7      | Reached XP level 9. HP: 75/78 MP: 8/8
  5585 | D:7      | Reached **** piety under Trog
  5616 | D:7      | Found Watama's Fire Supplies.
  5643 | D:7      | Bought a wand of flame (13) for 105 gold pieces
  5953 | D:8      | Reached skill level 10 in Axes
  6237 | D:8      | Reached skill level 5 in Evocations
  7241 | D:9      | Found a staircase to the Lair.
  7248 | D:9      | Found a broken altar of Ashenzari.
  7259 | D:9      | Found a basalt altar of Yredelemnul.
  7361 | D:9      | Reached skill level 11 in Axes
  7833 | D:9      | Found Xaimuqe's Superior Scales.
  7913 | D:9      | Reached XP level 10. HP: 88/88 MP: 9/9
  7919 | D:9      | Found an ancient bone altar of Kikubaaqudgha.
  7919 | D:9      | Found an ornate altar of the Wu Jian Council.
  7944 | D:9      | Found a hazy altar of Hepliaklqana.
  8083 | D:10     | Entered Level 10 of the Dungeon
  8083 | D:10     | Found a staircase to the Orcish Mines.
  8084 | D:10     | Noticed Joseph
  8100 | D:10     | Killed Joseph
  8203 | D:10     | Found a flagged portal.
  8211 | Bailey   | Entered a bailey
  8977 | Bailey   | Noticed an orc knight
  8990 | Bailey   | Killed an orc knight
  8991 | Bailey   | Reached skill level 12 in Axes
  9477 | Bailey   | Found an iron altar of Okawaru.
  9484 | Bailey   | Noticed a sun demon
  9555 | Bailey   | Noticed an orange demon
  9630 | D:10     | Acquired 571 gold pieces
  9668 | D:10     | Noticed a gargoyle
  9686 | D:10     | Killed a gargoyle
  9915 | D:9      | Bought the +4 scale mail of Hozuniut {rElec rC+ SInv
                  | Stlth+} for 624 gold pieces
  9983 | D:10     | Found a shadowy altar of Dithmenos.
 10110 | D:10     | Reached XP level 11. HP: 90/97 MP: 10/10
 10144 | D:10     | Noticed Fannar
 10163 | D:10     | Killed Fannar
 10164 | D:10     | Reached skill level 13 in Axes
 10334 | D:10     | Found a stormy altar of Qazlal.
 10989 | D:11     | Noticed a seven-headed hydra
 11005 | D:11     | Noticed an ettin
 11005 | D:11     | a seven-headed hydra changed into an ettin
 11679 | D:11     | Reached skill level 10 in Armour
 11895 | D:11     | Reached skill level 5 in Shields
 12281 | D:11     | Killed an ettin
 13086 | D:12     | Noticed a two-headed ogre
 13091 | D:12     | Killed a two-headed ogre
 13236 | D:12     | Noticed a six-headed hydra
 13249 | D:12     | Killed a 14-headed hydra
 13250 | D:12     | Reached skill level 10 in Fighting
 13936 | D:13     | Noticed a centaur warrior
 13945 | D:13     | Killed a centaur warrior
 14284 | D:13     | Noticed a skeletal warrior
 14285 | D:13     | Noticed a skeletal warrior
 14285 | D:13     | Noticed a skeletal warrior
 14286 | D:13     | Noticed a skeletal warrior
 14289 | D:13     | Killed a skeletal warrior
 14289 | D:13     | Killed a skeletal warrior
 14289 | D:13     | Killed a skeletal warrior
 14290 | D:13     | Reached skill level 14 in Axes
 14290 | D:13     | Reached XP level 12. HP: 100/107 MP: 11/11
 14552 | D:13     | Noticed Nessos
 14563 | D:13     | Killed Nessos
 14858 | D:13     | Identified the +5 chain mail "Loraucob" {Drain rElec Dex+5
                  | Slay+2}
 14971 | D:13     | Noticed a centaur warrior
 14978 | D:13     | Killed a centaur warrior
 15004 | D:13     | Identified the +10 chain mail of Qohuegri {+Inv rCorr
                  | Dex+2}
 15084 | D:13     | Noticed a centaur warrior
 15094 | D:13     | Killed a centaur warrior
 15095 | D:13     | Reached skill level 1 in Stealth
 15428 | D:14     | Noticed a death knight
 15443 | D:14     | Killed a death knight
 15905 | D:14     | Reached ***** piety under Trog
 16034 | D:14     | Reached skill level 10 in Shields
 16040 | D:14     | Cast into level 2 of the Abyss (a wizard)
 16050 | Abyss:2  | Found a broken altar of Ashenzari.
 16101 | Abyss:2  | Noticed a daeva
 16165 | Abyss:2  | Noticed a great orb of eyes
 16165 | Abyss:2  | Paralysed by a great orb of eyes for 6 turns
 16181 | D:14     | Escaped the Abyss
 16642 | D:14     | Reached skill level 15 in Axes
 16704 | D:14     | Reached XP level 13. HP: 88/116 MP: 12/12
 17343 | D:14     | Cast into level 2 of the Abyss (a wizard)
 17457 | Abyss:2  | Noticed a green draconian
 17466 | Abyss:2  | Killed a green draconian
 17467 | Abyss:2  | Succumbed to poison (poison gas)

Illustrated notes

Levels and vault maps discovered:
D:1:      scummos_arrival_hexagon, layout_basic
D:2:      layout_basic
D:3:      layout_rooms, fedhas_ov_isle_minmay, shapermc_ecumenical_altar_venn,
          grunt_decor_mini_mirrors
D:4:      layout_loops_ring, grunt_temple_overflow_gold_and_silver, minivault_5,
          supply_closet_lemuel
D:5:      layout_basic
D:6:      minmay_flawed_box, layout_basic, mainiacjoe_overflow_alcove_4,
          temple_pool_b, moated_statue
D:7:      layout_rooms, lightli_temple_of_fire, nicolae_shop_fire_sale
          [nicolae_sub_dead_trees]
D:8:      layout_layer_cave, minmay_hedge_maze, chequers_serial_rivers_small_3,
          abandoned_shop, minmay_misc_feat_enclosed
D:9:      layout_cave_pools, mainiacjoe_overflow_cross_hatched,
          mainiacjoe_overflow_large_starburst,
          gammafunk_temple_overflow_elements, lair_entry_dummy,
          grunt_ministairs_10, grunt_ogre_cave, hellmonk_scale_shop
D:10:     layout_loops_ring, lemuel_doored_altar,
          nicolae_dithmenos_shadow_blocks, enter_bailey_3, uniq_fannar,
          uniq_joseph
D:11:     layout_stronghold
D:12:     layout_long_grid
D:13:     layout_irregular_city, uniq_nessos
D:14:     layout_small_grid, grunt_vaults_entry_tiered, dk_noncrumbling_2
Abyss:2:  base: D:3, lemuel_flamethrower_3, base: D:14,
          grunt_abyss_exit_deep_breaths, minivault_23

Skill      XL: |  1  2  3  4  5  6  7  8  9 10 11 12 13 |
---------------+----------------------------------------+-----
Axes           | 4 5 6 8 9 11 12 14 15 | 15.6
Fighting       | 4 5 6 7 9 10 11 | 11.5
Evocations     | 1 2 3 4 5 6 8 9 |  9.1
Armour         | 3 4 5 6 7 9 10 11 | 11.4
Shields        | 1 2 3 4 7 10 11 | 11.6
Dodging        | 3 4 |  4.5
Stealth        | 1 |  1.0

Action                   |  1- 3 |  4- 6 |  7- 9 | 10-12 | 13-15 || total
-------------------------+-------+-------+-------+-------+-------++-------
Melee: Hand axe          |    88 |    45 |   303 |   292 |       ||   728
       Headbutt          |    13 |     4 |    51 |   119 |    26 ||   213
       Punch             |     1 |       |       |       |       ||     1
       Broad axe         |       |       |       |   185 |    92 ||   277
Invok: Berserk           |       |     1 |     1 |    10 |     2 ||    14
       Trog's Hand       |       |     1 |       |     2 |       ||     3
Evoke: Wand              |       |       |       |    19 |       ||    19
  Use: Scroll            |       |     3 |     5 |    23 |     1 ||    32
       Potion            |       |       |       |     2 |       ||     2
 Stab: Distracted        |       |       |       |       |     1 ||     1
Armor: Animal skin       |     6 |       |       |       |       ||     6
       Leather armour    |     2 |       |       |       |       ||     2
       Plate armour      |    64 |    41 |   251 |    61 |       ||   417
       Scale mail        |       |       |       |   152 |       ||   152
       Chain mail        |       |       |       |    69 |    65 ||   134
Dodge: Dodged            |    32 |    12 |   106 |   189 |    28 ||   367
Block: Buckler           |       |    10 |    51 |    33 |       ||    94
       Kite shield       |       |       |       |   218 |    83 ||   301
